 Dungeon Crawl Stone Soup version 0.31.0-32-g396128a36d (webtiles) character file.

Game seed: 10781944495335756926

61291 leafyfresh the Spry (level 15, -1/128 HPs)
             Began as a Djinni Ice Elementalist on Mar 9, 2024.
             Was a High Priest of Ashenzari.
             Slain by a death yak (20 damage)
             ... on level 4 of the Lair of Beasts.
             The game lasted 01:06:39 (20938 turns).

leafyfresh the Spry (Djinni Ice Elementalist)      Turns: 20938, Time: 01:06:40

Health: -1/128     AC: 10    Str:  7    XL:     15   Next: 41%
Gold:   1220       EV: 34    Int: 24    God:    Ashenzari [*****.] SH: 14 Dex: 14

rFire   + + .        H - +3 spear (freeze)
rCold   x . .        R - +2 kite shield of Toth-Mos's Legacy {rF+, Self, Comp} (curse)
rNeg    . . .        f - +0 troll leather armour "Affliction of Ashenzari" {Regen+, Elem, Self} (curse)
rPois   ∞            (helmet restricted)
rElec   .            m - +0 cloak "Vision of Ashenzari" {Fort, Self} (curse)
rCorr   .            F - +1 pair of gloves "Esoteric Paranoia" {Cun, Comp} (curse)
SInv    +            (boots unavailable)
Will    +....        g - amulet "Eternal Henotheism" {Acrobat, Cun, Dev} (curse)
Stlth   ++           L - ring "Profound Liberalism" {AC+4, Melee, Elem} (curse)
HPRegen 1.21/turn    o - ring of Ashenzari's Fetters {Ice, Melee, Cun} (curse)
MPRegen 0.00/turn

%: acrobat, clarity, infuse magic (-2 HP)
@: about to teleport, acrobatic, flying
A: sickness immunity, fire resistance 2, cold vulnerability 2, float, innate
caster, HP casting, extra vitality 1, claws 1, horns 1, clarity
a: Renounce Religion, Curse Item, Shatter the Chains


You were on level 4 of the Lair of Beasts.
You worshipped Ashenzari.
Ashenzari was extremely pleased with you.
You visited 3 branches of the dungeon, and saw 19 of its levels.
You also visited: Volcano.

You collected 1220 gold pieces.

Inventory:

Hand Weapons
 A - a +2 dagger of draining
 D - a +1 mace of protection
 H - a +3 spear of freezing (weapon)
 O - a +0 orcbow
Missiles
 B - 4 throwing nets
Armour
 a - a +0 robe
 f - the cursed +0 troll leather armour "Affliction of Ashenzari" (worn) {Regen+, Elem, Self}
   (You found it on level 9 of the Dungeon)

   Regen+:    It increases your rate of health regeneration.
   It has a curse which improves the following skills: Elements: Fire Magic, Ice
   Magic, Air Magic and Earth Magic.
   Introspection: Fighting and Spellcasting.
 m - the cursed +0 cloak "Vision of Ashenzari" (worn) {Fort, Self}
   (You found it on level 2 of the Dungeon)

   It has a curse which improves the following skills: Fortitude: Armour and
   Shields.
   Introspection: Fighting and Spellcasting.
 F - the cursed +1 pair of gloves "Esoteric Paranoia" (worn) {Cun, Comp}
   (You found it on level 6 of the Dungeon)

   It has a curse which improves the following skills: Cunning: Dodging and
   Stealth.
   Companions: Summonings and Necromancy.
 Q - +0 steam dragon scales
 R - the cursed +2 kite shield of Toth-Mos's Legacy (worn) {rF+, Self, Comp}
   (You found it in a volcano)

   It has a curse which improves the following skills: Introspection: Fighting
   and Spellcasting.
   Companions: Summonings and Necromancy.
Jewellery
 g - the cursed amulet "Eternal Henotheism" (around neck) {Acrobat, Cun, Dev}
   (You found it on level 5 of the Dungeon)

   [amulet of the acrobat]

   Acrobat:   It increases your evasion while moving and waiting.
   It has a curse which improves the following skills: Cunning: Dodging and
   Stealth.
   Devices:   Evocations and Shapeshifting.
 o - the cursed ring of Ashenzari's Fetters (right hand) {Ice, Melee, Cun}
   (You found it on level 12 of the Dungeon)

   [ring of ice]

   Ice:       It enhances your ice magic.
   rF-:       It makes you vulnerable to fire.
   rC+:       It protects you from cold.
   It has a curse which improves the following skills: Melee Combat: Short
   Blades, Long Blades, Axes, Maces & Flails, Polearms, Staves and Unarmed
   Combat.
   Cunning:   Dodging and Stealth.
 p - a ring of willpower
 L - the cursed ring "Profound Liberalism" (left hand) {AC+4, Melee, Elem}
   (You found it on level 11 of the Dungeon)

   [ring of protection]

   AC+4:      It affects your AC (+4).
   It has a curse which improves the following skills: Melee Combat: Short
   Blades, Long Blades, Axes, Maces & Flails, Polearms, Staves and Unarmed
   Combat.
   Elements:  Fire Magic, Ice Magic, Air Magic and Earth Magic.
Talismans
 t - a serpent talisman
 y - a flux talisman
 P - a blade talisman
Wands
 k - a wand of mindburst (10)
 w - a wand of flame (24)
 x - a wand of polymorph (23)
 J - a wand of iceblast (13)
 T - a wand of charming (4)
Scrolls
 c - 3 scrolls of enchant weapon
 d - 2 scrolls of immolation
 e - 2 scrolls of teleportation
 i - a scroll of revelation
 l - a scroll of vulnerability
 n - 2 scrolls of amnesia
 q - 7 scrolls of poison
 u - a scroll of brand weapon
 C - 5 scrolls of fog
 I - 6 scrolls of identify
 M - a scroll of silence
 N - a scroll of enchant armour
Potions
 b - 3 potions of attraction
 h - 5 potions of curing
 j - 3 potions of lignification
 r - 4 potions of berserk rage
 s - 3 potions of haste
 v - 3 potions of enlightenment
 z - 4 potions of brilliance
 E - 2 potions of invisibility
 G - a potion of cancellation
 S - 4 potions of heal wounds
 U - a potion of mutation
 V - 2 potions of might


   Skills:
 - Level 14.8(18.9) Fighting
 - Level 16.2(20.2) Dodging
 - Level 1.6(4.3) Stealth
 - Level 10.3(12.4) Shields
 + Level 10.3(14.4) Spellcasting
 + Level 10.3 Conjurations
 + Level 10.3 Hexes
   Level 0.0 Charms
 + Level 10.3(13.4) Summonings
 + Level 10.3(13.4) Necromancy
 + Level 10.3 Translocations
   Level 0.0 Transmutations
 + Level 10.3(13.4) Fire Magic
 + Level 10.3(13.4) Ice Magic
 + Level 10.3(13.4) Air Magic
 + Level 10.3(13.4) Earth Magic
 + Level 10.3 Alchemy


You knew the following spells:

 Your Spells              Type           Power      Damage    Failure   Level
a - Freeze                Ice            100%       1d10      1%          1
b - Frozen Ramparts       Ice            100%       1d16      1%          3
c - Ozocubu's Armour      Ice            89%        N/A       1%          3
d - Summon Ice Beast      Ice/Summ       89%        N/A       1%          3
e - Sandblast             Erth           100%       2d20      1%          1
f - Jinxbite              Hex            100%       N/A       1%          2
g - Momentum Strike       Conj/Tloc      100%       3d10      1%          2
h - Call Canine Familiar  Summ           70%        N/A       1%          3
i - Passage of Golubria   Tloc           61%        N/A       2%          4
j - Irradiate             Conj/Alch      30%        3d21      6%          5
k - Sculpt Simulacrum     Ice/Alch       42%        N/A       19%         6
Your spell library was empty.

Dungeon Overview and Level Annotations

Branches:
Dungeon (14/15)            Temple (1/1) D:5            Lair (4/5) D:11
 Shoals (0/4) Lair:2       Spider (0/4) Lair:2          Orc (0/2) D:12
Volcano (visited)
  Slime: Lair:4-5    Vaults: D:13-14

Altars:
Ashenzari
Cheibriados
Dithmenos
Elyvilon
Fedhas
Gozag
Hepliaklqana
Makhleb
Nemelex Xobeh
Okawaru
Qazlal
Ru
Trog
Uskayaw
Wu Jian
Xom
Yredelemnul
Zin
The Shining One

Shops:
D:9 ?

Annotations:
D:6 7 runed translucent doors
D:11 3 runed translucent doors, SirLogeyBear's ghost, journeyman HOBe
Lair:3 exclusion: oklob plant


Innate Abilities, Weirdness & Mutations

You are immune to sickness and miasma.
You are immune to poison.
Your flesh is very heat resistant. (rF++)
You are very vulnerable to cold. (rC--)
You float through the air rather than walking.
You learn spells naturally, not from books.
Your magical power is your life essence.
You have superior vitality. (+4 MHP)
You have sharp fingernails.
You have a pair of small horns on your head.
You possess an exceptional clarity of mind.


Message History

You hit the death yak. You freeze the death yak.
You headbutt the death yak, but do no damage.
The death yak is lightly wounded.
The death yak gores you!!
You hit the cane toad but do no damage.
The cane toad is almost dead.
You block the cane toad's attack. You block the death yak's attack.
The death yak closely misses you. You block the death yak's attack.
The death yak closely misses you.
You barely miss the death yak.
The death yak is lightly wounded.
The death yak gores you!! The death yak gores you!
You hit the death yak but do no damage.
The death yak is lightly wounded.
The death yak misses you. You block the death yak's attack. x3
You hit the death yak. You freeze the death yak.
You headbutt the death yak, but do no damage.
The death yak is lightly wounded.
The death yak misses you. The death yak barely misses you.
The death yak gores you. The death yak closely misses you.
You block the death yak's attack. x2; The death yak misses you.
The death yak gores you!!
As you read the scroll of fear, it crumbles to dust.
You assume a fearsome visage.
The cane toad looks frightened!
The death yak resists with almost no effort.
The death yak looks frightened! x3; The death yak gores you.
Unknown command.
The death yak attacks as it pursues you!
The death yak gores you!
* * * LOW HITPOINT WARNING * * *
The death yak gores the fungus.
The fungus begins to die.
The death yak gores the fungus!
Cornered, the death yak turns to fight!
The death yak attacks as it pursues you!
The death yak gores you!!
* * * LOW HITPOINT WARNING * * *
As you read the scroll of teleportation, it crumbles to dust.
You feel strangely unstable.
Unknown command.
The death yak gores you!!
You die...

.....##...≈~~...P###.....#,,,* #.
.##...P....~~~.#####....P#*,## #.
#.#..P....≈~~~~####......#*..###.
...[......~~~~........Y..#...#...
..........~~.~...................
...#######~~~~~..................
..##~~~##≈~≈≈~~..................
<.#*~~##≈≈≈≈≈~...................
..#**≈#≈≈≈≈≈≈~~.@Y...............
### #≈≈≈≈≈≈~.^#††.#.....#.#####..
### ###########.###.....##{.*,...
#.## #....#***###*#.....#,...,...
...# #....,*,,,,,*#.......,...*,,
...###...#*,,...#*#.....#..,.P,
...##P...#**,,..# #.........,,,
...##....#*,,,..###......#!.,,
#...##...##*,,...*,.Y..,*,*,,


You could see 2 death yaks.

Vanquished Creatures
  Kirke (D:12)
  A fire dragon (Volcano)
  3 hydras
  3 centaur warriors
  5 two-headed ogres
  A catoblepas (Lair:4)
  A boulder beetle (D:11)
  Urug (D:13)
  2 skeletal warriors (D:14)
  A skyshark (Lair:3)
  A pharaoh ant (Lair:2)
  A lindwurm (Volcano)
  A deep elf pyromancer (D:12)
  A cyclops (D:14)
  3 manticores
  A meliai (shapeshifter) (D:14)
  A merfolk siren (Lair:2)
  3 elephants (Lair:4)
  A black mamba (Lair:2)
  A torpor snail (Lair:4)
  3 gargoyles
  A molten gargoyle (Volcano)
  6 unseen horrors
  2 rime drakes (Lair:3)
  9 cane toads
  9 komodo dragons
  3 trolls
  A merfolk (Lair:2)
  3 hornets (Lair:3)
  A tarantella (Lair:2)
  24 blink frogs
  A polar bear (Lair:3)
  2 dream sheep (Lair:4)
  11 spriggans (Lair:3)
  4 wraiths
  A vampire (D:13)
  6 wyverns
  A shadow (D:9)
  7 fire bats (Volcano)
  28 yaks
  A hog (D:12)
  3 steam dragons
  4 basilisks
  13 vampire mosquitoes
  Menkaure (D:4)
  2 acid dragons
  9 water moccasins
  2 hell hounds (Volcano)
  A black bear (D:7)
  3 orc warriors
  A sky beast (D:6)
  An ice beast (D:6)
  A laughing skull (D:14)
  8 wolves
  3 boggarts (Lair:3)
  3 centaurs
  A phantom (D:6)
  3 kobold brigands
  6 scorpions
  9 bullfrogs
  7 wights
  7 killer bees
  An electric eel (D:9)
  5 howler monkeys
  6 lava snakes
  A hound (D:5)
  2 jellies
  4 bombardier beetles
  A gnoll bouda (D:8)
  8 orc priests
  3 iguanas
  A sleepcap (D:6)
  12 orc wizards
  7 hell rats (Lair:4)
  9 gnolls
  4 adders
  2 white imps
  4 dart slugs
  3 ribbon worms
  41 orcs
  5 ball pythons
  9 endoplasms
  A giant cockroach (D:2)
  3 goblins
  7 hobgoblins
  9 jackals
  6 quokkas
  7 bats
  5 frilled lizards
  17 kobolds
  2 rats
430 creatures vanquished.

Vanquished Creatures (collateral kills)
  Nessos (Lair:4)
  2 hydras
  A boulder beetle (D:11)
  2 cyclopes
  11 elephants (Lair:4)
  2 cane toads
  A komodo dragon (Lair:4)
  A troll (D:9)
  A blink frog (Lair:3)
  A wyvern (D:11)
  A spriggan (Lair:3)
  8 yaks
  3 water moccasins
  A black bear (Lair:2)
  A laughing skull (D:14)
  A centaur (D:9)
  2 bullfrogs (Lair:3)
  3 wights
  An orc priest (D:12)
  5 hell rats (Lair:4)
  2 orc wizards
  A sleepcap (D:6)
  12 orcs
64 creatures vanquished.

Vanquished Creatures (others)
  A human (D:12)
  An acid dragon (D:12)
2 creatures vanquished.

Grand Total: 496 creatures vanquished

Notes
Turn   | Place    | Note
-------+----------+-------------------------------------------
     0 | D:1      | leafyfresh the Djinni Ice Elementalist began the quest for
                  | the Orb.
     0 | D:1      | leafyfresh set off with the following spells memorised:
                  | Freeze, Frozen Ramparts, Ozocubu's Armour, Summon Ice
                  | Beast.
     0 | D:1      | Reached XP level 1. HP: 15/15 MP: 0/0
   165 | D:1      | Reached XP level 2. HP: 13/21 MP: 0/0
   346 | D:1      | Found a faded altar of an unknown god.
   731 | D:1      | Reached XP level 3. HP: 25/25 MP: 0/0
   731 | D:1      | Learned a level 1 spell: Sandblast
  1443 | D:2      | Reached XP level 4. HP: 28/31 MP: 0/0
  1796 | D:2      | Reached XP level 5. HP: 34/35 MP: 0/0
  1796 | D:2      | Learned a level 2 spell: Jinxbite
  1802 | D:2      | Found a bloodstained altar of Trog.
  2499 | D:3      | Reached skill level 5 in Spellcasting
  2499 | D:3      | Reached skill level 5 in Conjurations
  2499 | D:3      | Reached skill level 5 in Hexes
  2499 | D:3      | Reached skill level 5 in Summonings
  2499 | D:3      | Reached skill level 5 in Necromancy
  2499 | D:3      | Reached skill level 5 in Translocations
  2499 | D:3      | Reached skill level 5 in Fire Magic
  2499 | D:3      | Reached skill level 5 in Ice Magic
  2499 | D:3      | Reached skill level 5 in Air Magic
  2499 | D:3      | Reached skill level 5 in Earth Magic
  2499 | D:3      | Reached skill level 5 in Alchemy
  3298 | D:4      | Reached XP level 6. HP: 17/40 MP: 0/0
  3465 | D:4      | HP: 2/40 [kobold brigand/+0 dagger (4)]
  3626 | D:4      | Noticed Menkaure
  3635 | D:4      | Killed Menkaure
  3636 | D:4      | Reached XP level 7. HP: 35/45 MP: 0/0
  3636 | D:4      | Learned a level 2 spell: Momentum Strike
  3992 | D:5      | Entered Level 5 of the Dungeon
  4461 | D:5      | Reached XP level 8. HP: 33/50 MP: 0/0
  5093 | D:5      | Found a staircase to the Ecumenical Temple.
  5149 | Temple   | Entered the Ecumenical Temple
  5163 | Temple   | Became a worshipper of Ashenzari the Shackled
  5366 | D:6      | Found a sparkling altar of Nemelex Xobeh.
  5427 | D:6      | Reached skill level 1 in Fighting
  5430 | D:6      | Reached skill level 3 in Dodging
  5547 | D:6      | Reached skill level 4 in Dodging
  5872 | D:6      | Reached XP level 9. HP: 57/61 MP: 0/0
  5872 | D:6      | Learned a level 3 spell: Call Canine Familiar
  6032 | D:6      | Reached skill level 5 in Dodging
  6102 | D:6      | Found a runed translucent door.
  6605 | D:6      | Found a runed translucent gate.
  6605 | D:6      | Found a runed translucent gate.
  6605 | D:6      | Found a runed translucent door.
  6605 | D:6      | Found a runed translucent gate.
  6607 | D:6      | Found a runed translucent door.
  6607 | D:6      | Found a runed translucent door.
  6607 | D:6      | Found a runed translucent door.
  6813 | D:7      | Reached skill level 5 in Fighting
  6813 | D:7      | Reached skill level 6 in Dodging
  7129 | D:7      | Found a sacrificial altar of Ru.
  7213 | D:7      | Reached skill level 7 in Dodging
  7798 | D:8      | Noticed a centaur warrior
  7803 | D:8      | Reached XP level 10. HP: 37/73 MP: 0/0
  7804 | D:8      | Killed a centaur warrior
  7805 | D:8      | Reached skill level 8 in Dodging
  8178 | D:8      | Found a white marble altar of Elyvilon.
  8456 | D:8      | Reached * piety under Ashenzari
  8699 | D:9      | Reached skill level 9 in Dodging
  9339 | D:9      | Found Jetyqaig's Magic Scroll Shoppe.
  9791 | D:9      | Reached skill level 10 in Dodging
  9947 | D:9      | Reached XP level 11. HP: 78/85 MP: 0/0
  9947 | D:9      | Learned a level 4 spell: Passage of Golubria
 10292 | D:10     | Entered Level 10 of the Dungeon
 10472 | D:10     | Found a bloodstained altar of Trog.
 10487 | D:10     | Noticed a two-headed ogre
 10499 | D:10     | Killed a two-headed ogre
 10500 | D:10     | Reached skill level 10 in Fighting
 10500 | D:10     | Reached skill level 11 in Dodging
 10547 | D:10     | Noticed a two-headed ogre
 10550 | D:10     | Reached ** piety under Ashenzari
 10559 | D:10     | Killed a two-headed ogre
 10618 | D:10     | Reached *** piety under Ashenzari
 10915 | D:10     | Reached skill level 12 in Dodging
 11357 | D:11     | Noticed a boulder beetle
 11388 | D:11     | Reached XP level 12. HP: 63/98 MP: 0/0
 11465 | D:11     | Killed a boulder beetle
 11515 | D:11     | Found a staircase to the Lair.
 11626 | D:11     | Noticed a boulder beetle
 11641 | D:11     | Reached skill level 13 in Dodging
 11655 | D:11     | Noticed a two-headed ogre
 11666 | D:11     | Killed a boulder beetle
 12238 | D:11     | Killed a two-headed ogre
 12256 | D:11     | Found a runed translucent gate.
 12256 | D:11     | Found a runed translucent gate.
 12256 | D:11     | Found a runed translucent gate.
 12261 | D:11     | Noticed SirLogeyBear's ghost (journeyman HOBe)
 12641 | D:12     | Reached skill level 14 in Dodging
 12656 | D:12     | Found a staircase to the Orcish Mines.
 12828 | D:12     | Noticed Kirke
 13387 | D:13     | Noticed a two-headed ogre
 13395 | D:13     | Killed a two-headed ogre
 13396 | D:13     | Reached XP level 13. HP: 73/108 MP: 0/0
 13396 | D:13     | Learned a level 5 spell: Irradiate
 13433 | D:13     | Noticed Urug
 13434 | D:13     | Noticed a centaur warrior
 13450 | D:13     | Killed a centaur warrior
 13487 | D:13     | Killed Urug
 13806 | D:14     | Noticed an eight-headed hydra
 13811 | D:14     | Killed an eight-headed hydra
 13822 | D:14     | Reached skill level 15 in Dodging
 13959 | D:14     | Found a shimmering altar of Xom.
 13959 | D:14     | Found a shimmering altar of Xom.
 13960 | D:14     | Found a shimmering altar of Xom.
 13961 | D:14     | Found a shimmering altar of Xom.
 13961 | D:14     | Found a shimmering altar of Xom.
 14459 | D:14     | Noticed a centaur warrior
 14475 | D:14     | Noticed a seven-headed hydra
 14475 | D:14     | Noticed a five-headed hydra
 14475 | D:14     | Identified the Omnibus of Wicked Deeds
 14475 | D:14     | Identified the Reference Book on Topological Support
 14475 | D:14     | Noticed a centaur warrior
 14475 | D:14     | Noticed a centaur warrior
 14619 | D:14     | Identified the +9 trident "Conservator" {freeze, rElec rF+
                  | Dex+2 Stlth+}
 14626 | D:14     | Killed a centaur warrior
 14995 | D:12     | Killed Kirke
 15352 | Lair:1   | Entered Level 1 of the Lair of Beasts
 15392 | Lair:1   | Found a dark tunnel.
 15402 | Volcano  | Entered a volcano
 15525 | Volcano  | Reached skill level 16 in Dodging
 15526 | Volcano  | Noticed a fire dragon
 15590 | Volcano  | Found a burning altar of Makhleb.
 15604 | Volcano  | Killed a fire dragon
 15674 | Volcano  | Gained mutation: You occasionally lose the ability to drink
                  | potions when taking damage. [potion of mutation]
 15674 | Volcano  | Gained mutation: You are somewhat resistant to further
                  | mutation. [potion of mutation]
 15675 | Volcano  | Lost mutation: You are somewhat resistant to further
                  | mutation. [potion of mutation]
 15675 | Volcano  | Lost mutation: You occasionally lose the ability to drink
                  | potions when taking damage. [potion of mutation]
 15675 | Volcano  | Gained mutation: You have sharp fingernails. [potion of
                  | mutation]
 15675 | Volcano  | Gained mutation: You have a pair of small horns on your
                  | head. [potion of mutation]
 15675 | Volcano  | Gained mutation: You are very vulnerable to cold. (rC--)
                  | [potion of mutation]
 15675 | Volcano  | Gained mutation: You possess an exceptional clarity of
                  | mind. [potion of mutation]
 15901 | Lair:1   | Reached XP level 14. HP: 111/117 MP: 0/0
 15930 | Lair:1   | Reached **** piety under Ashenzari
 16663 | Lair:2   | Found a hole to the Spider Nest.
 16825 | Lair:2   | Reached skill level 10 in Spellcasting
 16825 | Lair:2   | Reached skill level 10 in Conjurations
 16825 | Lair:2   | Reached skill level 10 in Hexes
 16825 | Lair:2   | Reached skill level 10 in Summonings
 16825 | Lair:2   | Reached skill level 10 in Necromancy
 16825 | Lair:2   | Reached skill level 10 in Translocations
 16825 | Lair:2   | Reached skill level 10 in Fire Magic
 16825 | Lair:2   | Reached skill level 10 in Ice Magic
 16825 | Lair:2   | Reached skill level 10 in Air Magic
 16825 | Lair:2   | Reached skill level 10 in Earth Magic
 16825 | Lair:2   | Reached skill level 10 in Alchemy
 16876 | Lair:2   | Reached ***** piety under Ashenzari
 17129 | Lair:2   | Found a staircase to the Shoals.
 17149 | Lair:2   | Reached skill level 1 in Shields
 17942 | Lair:3   | Reached skill level 5 in Shields
 18701 | Lair:3   | Reached XP level 15. HP: 116/128 MP: 0/0
 18701 | Lair:3   | Learned a level 6 spell: Sculpt Simulacrum
 19547 | Lair:4   | Noticed Nessos
 20271 | Lair:4   | Killed Nessos
 20659 | Lair:4   | Reached skill level 10 in Shields
 20938 | Lair:4   | Slain by a death yak

Illustrated notes

Levels and vault maps discovered:
D:1:      elethiomel_arrival_quiet, layout_loops_ring,
          chequers_ecumenical_altar_twisty, nicolae_wormholes
D:2:      layout_loops_ring, basic_altar, chequers_serial_rivers_micro_d,
          minmay_pentomino_z4
D:3:      layout_loops_cross, dk_vineyard_1, palyth_stone_intersect,
          chequers_serial_rivers_micro_d
D:4:      layout_gridville, chequers_serial_rivers_marsh, uniq_menkaure
D:5:      layout_basic, temple_green
D:6:      layout_basic, mainiacjoe_overflow_paths, lightli_church_of_beogh
D:7:      layout_basic, lemuel_doored_altar, nicolae_ru_sacrificial_ziggurat,
          serial_park_tiny_pond
D:8:      minmay_curly_fans, layout_loops_ring, nicolae_elyvilon_peaceful_grove,
          hangedman_decor_riveting
D:9:      layout_long_grid, serial_shops, nicolae_shop_tiny_statue_garden,
          kennysheep_potato
D:10:     layout_stronghold, mainiacjoe_overflow_alcove_4,
          kennysheep_cross_room, kennysheep_generic_room_12
D:11:     layout_loops_ring, minmay_lair_entry_grove, gammafunk_ghost_spectres
D:12:     layout_rooms, david_orc_3, uniq_kirke
D:13:     layout_roguey, uniq_urug
D:14:     minmay_the_grid_square_5x5_5x5_mashed
          [minmay_the_grid_square_5x5_tetrominoes,
          minmay_the_grid_square_5x5_percent,
          minmay_the_grid_square_5x5_shrine1,
          minmay_the_grid_square_5x5_inner_i,
          minmay_the_grid_square_5x5_detours, minmay_the_grid_square_5x5_six,
          minmay_the_grid_square_5x5_prize_pseudospiral,
          minmay_the_grid_square_5x5_sharp_hourglass,
          minmay_the_grid_square_5x5_prize_snowflake,
          minmay_the_grid_square_5x5_meh,
          minmay_the_grid_square_5x5_checkered_sparse,
          minmay_the_grid_square_5x5_minibox,
          minmay_the_grid_square_5x5_prize_rear_guard,
          minmay_the_grid_square_5x5_corner,
          minmay_the_grid_square_5x5_shuriken,
          minmay_the_grid_square_5x5_hollow_slash,
          minmay_the_grid_square_5x5_prize_itemx, minmay_the_grid_square_5x5_c,
          minmay_the_grid_square_5x5_prize_junk,
          minmay_the_grid_square_5x5_eight, minmay_the_grid_square_5x5_one_wall,
          minmay_the_grid_square_5x5_eight_small,
          minmay_the_grid_square_5x5_misaligned,
          minmay_the_grid_square_5x5_seven,
          minmay_the_grid_square_5x5_hourglass], layout_irregular_city,
          erik_vaults_1, xom_redecorated
Temple:   nicolae_temple_bog_church
Lair:1:   layout_loops_ring, nicolae_volcano_entry_hallway,
          infiniplex_staircase_pool, grunt_megastairs_3
Lair:2:   layout_long_grid, elwin_shoals_entry_rooms,
          nicolae_spider_entry_lesser_pyramids, lemuel_fruit_fields
Lair:3:   kb_forest_paths, layout_chaotic_city, minmay_lair_oklob_bushes,
          serial_bayou_shore_a
Lair:4:   layout_regular_city, chequers_serial_rivers_large_a, uniq_nessos

Skill      XL: |  1  2  3  4  5  6  7  8  9 10 11 12 13 14 15 |
---------------+----------------------------------------------+-----
Spellcasting   | 4 5 6 7 8 10 | 10.3
Conjurations   | 4 5 6 7 8 10 | 10.3
Hexes          | 4 5 6 7 8 10 | 10.3
Summonings     | 4 5 6 7 8 10 | 10.3
Necromancy     | 4 5 6 7 8 10 | 10.3
Translocations | 4 5 6 7 8 10 | 10.3
Fire Magic     | 4 5 6 7 8 10 | 10.3
Ice Magic      | 4 5 6 7 8 10 | 10.3
Air Magic      | 4 5 6 7 8 10 | 10.3
Earth Magic    | 4 5 6 7 8 10 | 10.3
Alchemy        | 4 5 6 7 8 10 | 10.3
Fighting       | 3 6 9 11 13 14 | 14.8
Dodging        | 4 7 10 12 14 16 | 16.2
Shields        | 7 10 | 10.3
Stealth        | |  1.6

Action                     |  1- 3 |  4- 6 |  7- 9 | 10-12 | 13-15 || total
---------------------------+-------+-------+-------+-------+-------++-------
  Melee: Unarmed           |    45 |    18 |    24 |       |       ||    87
         Punch             |     1 |       |     1 |       |       ||     2
         Mace              |       |       |    35 |       |       ||    35
         Spear             |       |       |     1 |    20 |    46 ||    67
         Headbutt          |       |       |       |       |    12 ||    12
   Cast: Freeze            |    45 |    43 |    38 |    70 |   177 ||   373
         Frozen Ramparts   |     6 |    12 |    33 |    38 |    74 ||   163
         Ozocubu's Armour  |       |     3 |    12 |    24 |    47 ||    86
         Sandblast         |       |       |    31 |   136 |   189 ||   356
         Summon Ice Beast  |       |       |     6 |    20 |    35 ||    61
         Jinxbite          |       |       |     1 |       |       ||     1
         Call Canine Famil |       |       |     2 |     8 |    15 ||    25
         Irradiate         |       |       |       |       |     5 ||     5
         Passage of Golubr |       |       |       |       |     1 ||     1
         Sculpt Simulacrum |       |       |       |       |    18 ||    18
 Invoke: Curse Item        |       |       |     1 |     4 |     2 ||     7
    Use: Scroll            |       |       |     9 |       |     8 ||    17
         Potion            |       |       |       |       |     6 ||     6
   Stab: Sleeping          |     2 |     3 |     4 |     1 |       ||    10
         Distracted        |       |       |     1 |       |       ||     1
 Armour: Robe              |    48 |    39 |    87 |    42 |       ||   216
         Troll leather arm |       |       |       |    97 |   284 ||   381
  Dodge: Dodged            |    64 |    43 |    99 |   218 |   448 ||   872
  Block: Kite shield       |       |       |       |       |   310 ||   310
